 Dungeon Crawl Stone Soup version 0.18.1-1-g2f07953 (webtiles) character file.

557 Ingvold the Skirmisher (level 7, -7/63 HPs)
             Began as a Hill Orc Fighter on May 6, 2016.
             Was a Follower of Okawaru.
             Mangled by a gnoll
             ... wielding a +2 whip of electrocution
              (25 damage)
             ... on level 3 of the Dungeon.
             The game lasted 00:23:03 (2929 turns).

Ingvold the Skirmisher (Hill Orc Fighter)           Turns: 2929, Time: 00:23:03

Health: -7/63      AC: 15    Str: 21    XL:     7   Next: 30%
Magic:  16/16      EV:  4    Int:  8    God:    Okawaru [*.....]
Gold:   180        SH: 11    Dex: 10    Spells: 0 memorised, 6 levels left

rFire  . . .     SeeInvis +     a - +0 war axe
rCold  . . .     Gourm    .     u - +0 plate armour
rNeg   . . .     Faith    .     c - +1 shield
rPois  .         Spirit   .     s - +0 helmet
rElec  .         Dismiss  .     E - +0 cloak
rCorr  .         Reflect  .     (no gloves)
SustAt .         Harm     +     w - +0 pair of boots
MR     .....                    i - amulet of harm
Stlth  ..........               t - ring of see invisible
                                n - ring of magical power

@: not resistant to hostile enchantments, extremely unstealthy
A: no striking features
a: Heroism, Renounce Religion


You were on level 3 of the Dungeon.
You worshipped Okawaru.
Okawaru was aware of your devotion.
You were not hungry.

You visited 1 branch of the dungeon, and saw 4 of its levels.

You collected 180 gold pieces.

Inventory:

Hand Weapons
 a - a +0 war axe (weapon)
Armour
 c - a +1 shield (worn)
 s - a +0 helmet (worn)
 u - a +0 plate armour (worn)
 w - a +0 pair of boots (worn)
 E - a +0 cloak (worn)
Jewellery
 i - an amulet of harm (around neck)
 n - a ring of magical power (left hand)
 t - a ring of see invisible (right hand)
Wands
 r - a wand of digging (5/24)
 y - a wand of flame (24/48)
 D - a wand of flame (30/48)
Scrolls
 b - a scroll of noise {unknown}
 g - 2 scrolls of enchant armour
 j - a scroll of blinking {unknown}
 k - 3 scrolls of identify
 l - a scroll of remove curse
 m - 2 scrolls of teleportation
 p - a scroll of fog
 q - a scroll of enchant weapon {unknown}
 v - a scroll of immolation {unknown}
 B - a scroll of recharging {unknown}
Potions
 e - 3 potions of heal wounds {unknown}
 o - a potion of flight
 z - a potion of lignification {unknown}
 A - a potion of beneficial mutation {unknown}
 C - a potion of brilliance {unknown}
 F - a potion of ambrosia {unknown}
Comestibles
 d - a chunk of flesh
 f - 3 bread rations
 h - 4 meat rations
 x - a royal jelly


   Skills:
 * Level 6.0 Fighting
 * Level 5.3 Axes
 * Level 5.0 Armour
 - Level 0.5 Dodging
 * Level 5.2 Shields
 + Level 0.3 Invocations
 + Level 0.2 Evocations


You had 6 spell levels left.
You didn't know any spells.

Dungeon Overview and Level Annotations

Branches:
Dungeon (4/15)
 Temple: D:4-7

Altars:
Nemelex Xobeh
Okawaru
Yredelemnul


Message History

The gnoll is lightly wounded.
You block the orc priest's attack. You block the gnoll's attack.
The orc priest shouts, "Join the one true god or die!"
You slice the orc priest!!
You kill the orc priest!
Okawaru accepts your kill.
Your Armour skill increases to level 5!
You barely miss the gnoll.
The gnoll is lightly wounded.
You block the gnoll's attack. The gnoll hits you but does no damage.
You hit the gnoll but do no damage.
The gnoll is lightly wounded.
The gnoll hits you with a whip of electrocution.
You are electrocuted!
You slash the gnoll!
The gnoll is almost dead.
The gnoll hits you with a whip of electrocution.
* * * LOW HITPOINT WARNING * * *
You are electrocuted!
You die...

#.##.# #.##.# #.##.# #.##.#
#.##.# ################## #.##.#
#................. #.##.#
##.################
#.##.#########)g......##########
#.##........(..@......'.........
#.############.)).....###......#
#.# #................'....... #.#
#......########.##....... #.#
####......# #.#......#. #.#
#..'......########'#.####.#.
#.###.##...รท.............#....#.
#.....##(....(..............#.#.
########................##..#.#.


You could see a gnoll.

Vanquished Creatures
  An ogre (D:3)
  A scorpion (D:3)
  A crimson imp (D:3)
  A hound (D:3)
  5 orc wizards (D:3)
  An orc priest (D:3)
  Crazy Yiuf (D:3)
  A worker ant (D:3)
  Ijyb (D:3)
  Robin (D:2)
  3 adders
  A worm (D:3)
  A dart slug (D:1)
  A giant gecko (D:2)
  10 orcs (D:3)
  A ball python (D:2)
  5 giant cockroaches
  16 goblins
  12 hobgoblins
  6 jackals (D:1)
  6 kobolds
  2 quokkas
  3 bats (D:2)
  4 giant newts
  2 rats (D:1)
  A fungus (D:1)
88 creatures vanquished.

Notes
Turn   | Place    | Note
--------------------------------------------------------------
     0 | D:1      | Ingvold the Hill Orc Fighter began the quest for the Orb.
     0 | D:1      | Reached XP level 1. HP: 19/19 MP: 1/1
   173 | D:1      | Found a sparkling altar of Nemelex Xobeh.
   208 | D:1      | Reached XP level 2. HP: 16/27 MP: 2/2
   374 | D:1      | Reached skill level 4 in Fighting
   858 | D:2      | Reached XP level 3. HP: 32/33 MP: 3/3
   919 | D:2      | Noticed Robin
   964 | D:2      | Killed Robin
  1061 | D:2      | Reached XP level 4. HP: 32/41 MP: 4/4
  1140 | D:2      | Found a basalt altar of Yredelemnul.
  1430 | D:2      | Found an iron altar of Okawaru.
  1435 | D:2      | Became a worshipper of Warmaster Okawaru
  1678 | D:3      | Reached XP level 5. HP: 45/47 MP: 5/5
  1736 | D:3      | Reached skill level 5 in Fighting
  2200 | D:3      | Reached XP level 6. HP: 54/56 MP: 6/6
  2236 | D:3      | Noticed Ijyb
  2271 | D:3      | Killed Ijyb
  2599 | D:3      | Noticed Crazy Yiuf
  2613 | D:3      | Killed Crazy Yiuf
  2693 | D:3      | Reached * piety under Okawaru
  2786 | D:3      | Reached skill level 5 in Axes
  2786 | D:3      | Reached skill level 5 in Shields
  2869 | D:3      | Reached XP level 7. HP: 43/62 MP: 7/7
  2876 | D:3      | Reached skill level 6 in Fighting
  2927 | D:3      | Reached skill level 5 in Armour
  2929 | D:3      | Mangled by a gnoll

Skill      XL: |  1  2  3  4  5  6  7 |
---------------+----------------------+-----
Fighting       | 4 5 6 |  6.0
Axes           | 3 4 5 |  5.3
Shields        | 4 5 |  5.2
Armour         | 4 5 |  5.0
Dodging        | |  0.5
Invocations    | |  0.3
Evocations     | |  0.2

Action                   |  1- 3 |  4- 6 |  7- 9 || total
-------------------------+-------+-------+-------++-------
Melee: War axe           |   108 |   237 |    14 ||   359
  Use: Scroll            |     4 |     2 |       ||     6
       Potion            |       |     1 |       ||     1
  Eat: Chunk             |     1 |     5 |     1 ||     7
Armor: Scale mail        |    48 |    14 |       ||    62
       Chain mail        |       |    31 |       ||    31
       Plate armour      |       |    98 |     7 ||   105
Dodge: Dodged            |    34 |    50 |       ||    84
Block: Shield            |    61 |   150 |    11 ||   222
